AoeStats
← Windland

Arabia

505458286Analyzed
2v2 RM · 21d ago on Sep 9, 2026· 41m 23s· 4 players
Game mode
Random Map
Map size
Medium (4 player)
Population
200
Speed
Normal
Resources
Standard
Victory
Conquest
Starting age
Dark Age
Ending age
Imperial Age
RankedLock teamsTeams togetherTeam positionsShared explorationLock speedFull tech treeHidden civsTurbo modeCheats
Victory
Defeat
🇩🇪 Goths · Germany
790
+18
🇪🇸 Mongols · Spain
724
+21
🇦🇷 Cumans · Argentina
880
-21
🇺🇸 Maya · United States
786
-18
Rammit Inmaass
3:25 Loom
11:15 Feudal Age
11:49 Double-Bit Axe
13:56 Man-at-Arms
15:42 Horse Collar
17:49 Wheelbarrow
20:44 Castle Age
19:38 Gold Mining
19:42 Stone Mining
20:58 Forging
20:49 Scale Mail Armor
21:15 Long Swordsman
26:59 Heavy Plow
27:12 Bow Saw
27:07 Squires
27:55 Iron Casting
33:16 Fletching
33:45 Chain Mail Armor
34:58 Stone Shaft Mining
34:35 Bodkin Arrow
35:10 Anarchy
37:44 Imperial Age
35:31 Hand Cart
35:11 Pikeman
38:31 Bracer
39:32 Blast Furnace
37:55 Two-Handed Swordsman
38:46 Champion
38:47 Halberdier
ViejoKubata
1:06 Loom
13:25 Feudal Age
19:31 Castle Age
17:53 Horse Collar
18:03 Double-Bit Axe
18:45 Gold Mining
19:02 Stone Mining
20:16 Elite Skirmisher
24:27 Gold Shaft Mining
26:20 Town Watch
28:22 Wheelbarrow
29:43 Hand Cart
30:05 Fletching
30:47 Heavy Plow
31:07 Bow Saw
31:15 Padded Archer Armor
31:46 Light Cavalry
33:19 Town Patrol
35:00 Stone Shaft Mining
35:09 Ballistics
39:58 Imperial Age
38:56 Thumb Ring
38:58 Murder Holes
40:04 Bloodlines
39:56 Husbandry
40:40 Hussar
41:46 Conscription
41:53 Bodkin Arrow
nicoobosc0
7:49 Loom
10:06 Feudal Age
10:45 Double-Bit Axe
10:52 Town Watch
12:29 Gold Mining
14:00 Wheelbarrow
17:21 Fletching
17:31 Padded Archer Armor
17:56 Padded Archer Armor
20:19 Horse Collar
31:22 Castle Age
29:26 Scale Mail Armor
29:36 Forging
29:42 Stone Mining
30:44 Arson
32:30 Bow Saw
32:36 Heavy Plow
32:31 Elite Skirmisher
33:15 Squires
38:00 Masonry
39:53 Hand Cart
40:02 Hand Cart
40:31 Pikeman
41:15 Town Patrol
Windland
12:20 Feudal Age
13:02 Horse Collar
13:21 Double-Bit Axe
19:19 Loom
24:46 Castle Age
23:42 Gold Mining
25:57 Wheelbarrow
27:40 Heavy Plow
27:59 Bow Saw
29:46 Gold Shaft Mining
32:26 Steppe Husbandry
36:00 Imperial Age
41:11 Forging
40:54 Fletching
Connection lost

Rejoining the realm…

Still unreachable

The connection could not be restored.

Session expired

The server has moved on; the page needs a fresh start.